Map: Orbital Shipyard

Players

celphy - Winner!

  • Race: Terran Terran
  • League: Gold

wiTzi

  • Race: Protoss Protoss
  • League: Silver

VOD

Have the link to the VOD?

Description

After having an inferior army I resort to trying to basetrade and guerillia tactics.

Time

  • Played on: Oct. 2, 2015, 8:10 a.m.
  • Length: 26:28
Show
View Real Time Build Order
Export as new Build Order

celphy Terran - Winner!

Build Orders: Command Center First (CC), MMM Bio 

Get SALT Encoding   

  12  0:01  SCV  
  13  0:13  SCV  
  14  0:18  Supply Depot  
  14  0:25  SCV  
  15  0:40  SCV  
  16  0:58  Command Center  
  16  1:04  SCV  
  17  1:14  Barracks  
  17  1:20  Refinery  
  17  1:37  SCV  
  18  1:49  SCV  
  19  1:54  Supply Depot  
  20  2:10  Orbital Command  
  20  2:12  Orbital Command  
  19  2:24  Factory  
  19  2:29  Engineering Bay  
  19  2:36  SCV  
  20  2:38  SCV  
  20  2:43  Marine  
  22  2:48  SCV  
  22  2:50  SCV  
  24  2:56  Missile Turret  
  24  2:58  Missile Turret  
  24  3:01  SCV, Marine  
  24  3:02  SCV  
  27  3:08  Starport  
  27  3:12  Refinery  
  27  3:13  SCV  
  27  3:14  SCV, Widow Mine  
  27  3:19  Marine  
  32  3:22  Supply Depot  
  32  3:25  SCV  
  32  3:26  SCV  
  33  3:43  Widow Mine  
  33  3:45  SCV x2  
  37  3:50  Refinery  
  37  3:57  Medivac  
  37  3:58  Marine  
  37  3:59  Missile Turret  
  37  4:00  SCV  
  41  4:06  SCV  
  41  4:08  Barracks x2  
  41  4:09  Terran Infantry Weapons Level 1  
  42  4:12  SCV  
  42  4:13  Widow Mine  
  42  4:15  Marine  
  46  4:19  SCV  
  48  4:24  SCV  
  49  4:39  SCV x2  
  50  4:49  Barracks Tech Lab  
  50  4:51  SCV x2  
  52  4:54  Command Center  
  52  4:56  Barracks  
  52  4:58  Barracks  
  52  5:00  Marine x2  
  54  5:21  Supply Depot  
  54  5:22  SCV x2, Viking, Marine x3  
  60  5:40  Marine x2  
  60  5:42  Widow Mine  
  49  5:58  Marine x2  
  49  5:59  Marine  
  49  6:03  Marine x2  
  49  6:16  Marine  
  49  6:17  Marine  
  49  6:19  Medivac  
  49  6:21  Stimpack  
  53  6:27  Barracks Tech Lab, Orbital Command  
  53  6:31  Barracks Reactor, Barracks Tech Lab  
  50  6:33  Marine  
  50  6:37  Factory Reactor  
  51  6:45  SCV x2, Orbital Command  
  53  6:48  Missile Turret  
  53  6:56  Terran Infantry Armor Level 1  
  53  6:57  SCV  
  53  6:58  SCV  
  53  6:59  Engineering Bay  
  55  7:01  Starport Reactor  
  55  7:02  Armory, Missile Turret  
  55  7:11  Marine x2, Marauder x3  
  55  7:12  Combat Shields  
  55  7:14  Concussive Shells  
  64  7:16  Barracks Tech Lab, Widow Mine x2  
  64  7:19  SCV x2  
  64  7:22  SCV  
  70  7:27  Missile Turret  
  70  7:29  Marine x2  
  72  7:31  SCV x2  
  72  7:32  Supply Depot, Refinery, Marine  
  72  7:33  Supply Depot  
  72  7:34  SCV  
  76  7:37  Marauder x3  
  76  7:43  SCV x2  
  84  7:46  Refinery, Marine  
  85  7:53  Medivac, Marine x2  
  85  7:55  SCV  
  85  7:56  Supply Depot  
  85  7:58  Marine x3  
  90  8:01  Medivac  
  90  8:03  SCV  
  90  8:04  SCV, Marine  
  98  8:07  SCV  
  98  8:11  Marine x2  
  101  8:14  Supply Depot x2  
  101  8:17  SCV, Marine x3  
  101  8:18  Supply Depot  
  101  8:19  SCV  
  106  8:21  SCV  
  106  8:22  Marine  
  106  8:25  Supply Depot  
  108  8:29  SCV, Refinery  
  108  8:31  SCV  
  108  8:33  Medivac x2  
  114  8:40  SCV  
  115  8:41  SCV  
  115  8:42  Marauder x2  
  115  8:43  SCV, Marauder, Marine x3  
  115  8:45  Terran Infantry Weapons Level 2  
  126  8:52  SCV  
  126  8:53  SCV  
  128  8:56  SCV  
  128  8:58  Supply Depot  
  128  8:59  Supply Depot  
  128  9:01  Marine x2  
  128  9:02  Marauder  
  133  9:03  Medivac x2  
  133  9:04  SCV, Marine, Marauder x2  
  143  9:19  Marine x2  
  133  9:31  Marauder x2  
  133  9:32  Marauder x2  
  133  9:33  Medivac  
  133  9:36  Marine  
  133  9:37  Marine, Terran Infantry Armor Level 2  
  145  9:53  Marauder x3, Marine  
  145  9:54  Marine x2  
  152  10:00  Widow Mine x2  
  152  10:01  Command Center, Medivac  
  152  10:03  Medivac  
  160  10:10  Supply Depot, Marine  
  160  10:12  Supply Depot  
  163  10:14  Marauder  
  152  10:36  Missile Turret  
  132  10:58  Missile Turret  
  134  11:04  Marine, Marauder x4  
  134  11:05  Marine  
  134  11:08  Widow Mine x2  
  134  11:10  Terran Infantry Weapons Level 3  
  142  11:22  Marine  
  142  11:23  Marine  
  150  11:25  Marauder x3  
  150  11:26  Barracks, Marauder  
  150  11:27  Barracks  
  152  11:33  Refinery  
  152  11:34  Barracks  
  152  11:35  Refinery  
  152  11:38  Widow Mine x2, Medivac x2  
  160  11:40  Marine  
  160  11:41  Marine  
  160  11:44  Factory  
  160  11:46  Marine x3  
  160  11:47  Marauder  
  166  11:53  SCV x2  
  169  11:56  Terran Infantry Armor Level 3, Sensor Tower  
  169  11:57  Terran Vehicle And Ship Armor Level 1  
  169  11:58  Marine  
  169  11:59  Marine  
  171  12:04  Marine x3  
  171  12:05  SCV x2  
  171  12:07  Marine, Widow Mine x2  
  171  12:08  Medivac  
  183  12:10  Orbital Command  
  183  12:16  Marine  
  183  12:17  SCV  
  183  12:22  Marauder, Marine  
  190  12:23  Sensor Tower, Marauder  
  190  12:26  Marauder  
  145  12:40  Marauder  
  119  12:44  Marauder x2  
  119  12:47  Marauder, Marine x2  
  119  12:59  Barracks Tech Lab x3  
  119  13:00  Widow Mine x2  
  119  13:01  Medivac x2  
  119  13:02  Marauder  
  119  13:04  Marine  
  119  13:05  Marauder x2, Marine  
  135  13:09  Marauder  
  137  13:15  Barracks  
  137  13:16  Barracks  
  137  13:22  Marine x2  
  137  13:23  Factory Tech Lab, Marauder  
  137  13:26  Marine  
  137  13:27  Marauder x4  
  150  13:28  Widow Mine  
  150  13:29  Widow Mine  
  150  13:30  Marauder  
  150  13:31  Medivac x2  
  160  13:40  Marine x2  
  162  13:44  Marauder, Marine  
  162  13:48  Marauder x2  
  169  13:51  Terran Vehicle And Ship Armor Level 2, Hi-Sec Auto Tracking, Marauder  
  169  13:53  Marauder x2  
  175  13:58  Marine x2  
  179  14:03  Marauder  
  179  14:06  Marauder  
  179  14:09  Marauder  
  185  14:10  Marauder  
  185  14:13  Marauder  
  185  14:14  Marauder, Marine  
  185  14:16  Marine x2  
  180  15:13  Command Center x2  
  176  15:17  Command Center  
  150  15:35  Marauder x3, Marine x6  
  128  15:47  Widow Mine  
  128  15:48  Widow Mine x2  
  134  15:52  Marine x2  
  134  15:53  Marauder x3, Marine  
  131  16:08  Marauder x2, Marine  
  135  16:11  Marauder  
  135  16:13  Marine x2  
  135  16:15  Marauder x3  
  135  16:16  Widow Mine x2  
  148  16:22  Widow Mine  
  148  16:23  Medivac x2  
  152  16:26  Terran Vehicle And Ship Armor Level 3, Barracks Tech Lab, Marauder  
  152  16:27  Barracks Tech Lab  
  152  16:29  Marine x2  
  152  16:31  Marine x2  
  158  16:33  Marauder  
  158  16:36  Marauder x2, Marine  
  165  16:44  Widow Mine  
  165  16:45  Widow Mine  
  165  16:47  Marauder, Marine x2  
  169  16:49  Marine  
  169  16:50  Widow Mine  
  169  16:52  Command Center  
  169  16:54  Marauder x2, Orbital Command  
  178  16:57  Marauder x4, Marine  
  189  17:05  Marauder  
  125  18:02  Marauder x3  
  114  18:23  Marine x3  
  99  18:47  Marine  
  82  19:13  Marine x3  
  82  19:14  Marine x2  
  87  19:25  Marauder x3, Marine  
  87  19:30  Marine  
  87  19:31  Marine  
  87  19:35  Marine x2  
  91  19:43  Marine  
  77  20:26  Barracks Tech Lab  
  67  21:04  Marauder x2  
  67  21:05  Marauder  
  73  21:24  Widow Mine x2, Medivac x2  
  79  21:26  Marauder x3  
  75  21:47  Marauder x2, Marine  
  78  22:02  Marine, Marauder  
  78  22:03  Marine, Marauder x2  
  78  22:05  Marine  
  78  22:08  Marine  
  87  22:09  Marauder  
  90  22:20  Marine x2  
  83  22:22  Marine  
  83  22:23  Marine  
  73  22:55  Marauder x4  
  73  22:56  Marine x2, Marauder x2  
  86  23:14  Marine x2  
  86  23:16  Marauder x2  
  86  23:17  Marauder x3  
  98  23:28  Marine  
  99  24:03  SCV  
  100  24:15  SCV  
  101  24:27  SCV  
  96  24:39  SCV  
  97  24:51  SCV  
Show
View Real Time Build Order
Export as new Build Order

wiTzi Protoss 

Build Orders:  

Get SALT Encoding   

  12  0:00  Probe (Chrono Boost)  
  13  0:10  Probe (Chrono Boost)  
  14  0:18  Pylon  
  14  0:20  Probe (Chrono Boost)  
  15  0:36  Probe (Chrono Boost)  
  15  0:39  Gateway  
  16  0:47  Probe (Chrono Boost)  
  17  0:50  Assimilator  
  17  0:57  Probe (Chrono Boost)  
  18  1:07  Probe (Chrono Boost)  
  19  1:16  Probe (Chrono Boost)  
  20  1:26  Probe (Chrono Boost)  
  20  1:30  Cybernetics Core  
  21  1:36  Probe (Chrono Boost)  
  22  1:46  Probe (Chrono Boost)  
  23  1:53  Nexus  
  23  1:58  Probe (Chrono Boost)  
  23  2:00  Pylon  
  23  2:06  Warp Gate  
  23  2:13  Pylon  
  23  2:17  Mothership Core (Chrono Boost)  
  23  2:21  Adept  
  27  2:30  Assimilator  
  27  2:34  Gateway  
  27  2:35  Probe (Chrono Boost)  
  28  2:45  Probe (Chrono Boost)  
  28  2:48  Adept  
  31  2:56  Probe (Chrono Boost)  
  32  3:05  Probe (Chrono Boost)  
  33  3:14  Robotics Facility  
  33  3:17  Adept  
  33  3:18  Probe x2 (Chrono Boost)  
  37  3:28  Probe x2 (Chrono Boost)  
  39  3:39  Probe (Chrono Boost)  
  39  3:40  Probe (Chrono Boost)  
  41  3:43  Pylon  
  41  3:44  Adept  
  41  3:45  Adept  
  45  3:50  Pylon  
  45  3:54  Gateway  
  45  3:59  Probe x2 (Chrono Boost)  
  45  4:01  Warp Prism (Chrono Boost)  
  47  4:06  Assimilator  
  47  4:08  Probe (Chrono Boost)  
  47  4:09  Probe (Chrono Boost)  
  51  4:21  Probe  
  51  4:23  Probe  
  53  4:31  Probe  
  53  4:32  Pylon  
  53  4:35  Probe  
  55  4:41  Probe  
  56  4:46  Observer (Chrono Boost)  
  56  4:50  Probe x2  
  59  5:00  Adept x3  
  65  5:23  Immortal (Chrono Boost), Adept x3  
  72  5:46  Adept x2  
  72  5:47  Adept  
  70  6:14  Probe  
  70  6:16  Probe  
  70  6:17  Immortal (Chrono Boost)  
  68  6:20  Stalker x3  
  78  6:32  Pylon  
  78  6:37  Assimilator  
  78  6:46  Pylon  
  78  6:47  Pylon  
  78  6:48  Probe  
  78  6:50  Probe, Pylon  
  78  6:52  Pylon  
  80  6:54  Immortal (Chrono Boost)  
  80  6:59  Stalker, Nexus  
  86  7:02  Probe  
  86  7:04  Probe  
  88  7:10  Pylon  
  88  7:13  Pylon x2  
  88  7:15  Stalker, Pylon  
  88  7:16  Stalker  
  88  7:17  Pylon  
  88  7:18  Probe  
  88  7:20  Probe  
  94  7:27  Forge  
  94  7:28  Probe  
  94  7:30  Immortal (Chrono Boost)  
  94  7:32  Probe, Forge  
  100  7:41  Twilight Council  
  100  7:42  Probe  
  101  7:44  Probe  
  101  7:45  Robotics Bay  
  101  7:46  Stalker  
  101  7:47  Stalker x2  
  108  7:51  Probe  
  109  8:00  Gateway  
  109  8:01  Gateway  
  109  8:03  Gateway  
  109  8:06  Protoss Ground Weapons Level 1  
  109  8:10  Protoss Ground Armor Level 1  
  109  8:15  Probe  
  109  8:17  Probe  
  111  8:22  Immortal (Chrono Boost)  
  115  8:33  Assimilator  
  115  8:38  Assimilator  
  115  8:41  Robotics Facility  
  115  8:43  Gateway  
  115  8:44  Probe, Gateway  
  115  8:46  Probe  
  117  8:53  Probe  
  118  9:03  Shield Upgrade  
  118  9:05  Sentry x4  
  118  9:06  Sentry x2  
  130  9:11  Disruptor (Chrono Boost)  
  122  9:27  Probe  
  122  9:29  Probe  
  124  9:34  Gateway  
  124  9:35  Gateway  
  124  9:36  Gateway  
  127  9:40  Pylon  
  127  9:41  Disruptor (Chrono Boost)  
  127  9:43  Probe  
  127  9:54  Observer (Chrono Boost)  
  125  10:03  Stalker x2  
  125  10:05  Stalker  
  125  10:06  Stalker x2  
  135  10:12  Disruptor (Chrono Boost)  
  139  10:14  Probe  
  139  10:16  Probe, Observer (Chrono Boost), Protoss Ground Weapons Level 2  
  139  10:17  Protoss Ground Armor Level 2  
  118  10:50  Stalker x4  
  118  10:51  Stalker x4  
  118  10:53  Disruptor (Chrono Boost)  
  123  10:59  Probe x2  
  123  11:01  Probe  
  120  11:09  Probe  
  126  11:12  Pylon  
  126  11:13  Probe  
  126  11:15  Colossus (Chrono Boost)  
  126  11:18  Blink  
  128  11:24  Adept x3  
  128  11:25  Adept x5  
  144  11:39  Observer (Chrono Boost)  
  145  11:49  Nexus  
  145  11:53  Assimilator  
  145  11:54  Pylon  
  145  11:56  Pylon, Assimilator  
  145  11:59  Pylon  
  147  12:01  Adept x3, Pylon  
  147  12:02  Adept x3  
  147  12:06  Warp Prism (Chrono Boost)  
  159  12:20  Disruptor (Chrono Boost)  
  125  12:52  Stalker  
  125  12:54  Stalker x3  
  125  12:55  Stalker, Colossus (Chrono Boost)  
  125  12:56  Stalker  
  149  13:02  Probe  
  149  13:04  Probe  
  149  13:05  Colossus (Chrono Boost)  
  151  13:09  Templar Archives  
  151  13:10  Probe x2, Dark Shrine  
  153  13:12  Probe  
  153  13:13  Pylon  
  153  13:19  Mothership Core  
  156  13:47  Disruptor (Chrono Boost)  
  156  13:48  Psionic Storm  
  156  13:54  Disruptor (Chrono Boost), High Templar x3  
  168  13:57  Zealot  
  168  13:58  Zealot x4  
  178  14:20  Stalker  
  178  14:21  Stalker  
  182  14:29  Disruptor  
  182  14:35  Disruptor  
  180  14:44  Probe  
  180  14:46  Probe  
  182  14:55  Dark Templar x4  
  182  14:58  Zealot x2  
  182  14:59  Zealot x2  
  188  15:26  Nexus  
  148  15:41  Stalker, Immortal  
  148  15:42  Stalker x5  
  154  15:43  Stalker x2  
  154  15:48  Disruptor  
  167  15:54  Pylon  
  167  15:56  Pylon  
  163  15:59  Pylon  
  163  16:23  Adept  
  165  16:26  Adept x4  
  165  16:27  Adept x3  
  179  16:42  Observer  
  179  16:45  Gateway  
  179  16:46  Gateway  
  180  16:48  Gateway  
  180  16:52  Gateway  
  186  16:57  Dark Templar x2  
  186  17:00  High Templar x3  
  186  17:01  High Templar x2  
  200  17:09  Gateway  
  200  17:11  Gateway  
  154  18:10  Zealot x2  
  154  18:11  Zealot  
  148  18:23  Stalker x2  
  148  18:24  Stalker x2  
  148  18:25  Stalker, Probe  
  157  18:27  Probe  
  157  18:28  Probe  
  151  18:38  Stalker  
  151  18:39  Probe  
  138  18:45  Probe  
  138  18:47  Probe  
  138  18:48  Probe  
  140  18:51  Probe, Assimilator  
  140  18:55  Probe, Assimilator  
  115  18:57  Stalker x5  
  115  18:58  Stalker x2  
  130  19:08  Probe  
  130  19:10  Probe  
  130  19:11  Probe  
  133  19:18  Probe  
  133  19:22  Probe  
  133  19:23  Probe  
  136  19:25  Dark Templar x3  
  136  19:26  Dark Templar x2  
  146  19:41  Stalker x3  
  142  19:58  Stalker x2  
  142  19:59  Stalker x3  
  116  20:14  Dark Templar  
  116  20:15  Dark Templar  
  116  20:19  Probe  
  121  20:31  Probe  
  118  20:44  Probe  
  115  20:55  Nexus  
  115  20:56  Probe  
  116  21:04  Zealot x2  
  116  21:05  Zealot x5  
  116  21:06  Zealot  
  116  21:08  Probe  
  131  21:25  Pylon  
  131  21:26  Pylon  
  131  21:27  Pylon  
  131  21:30  Stalker, Pylon  
  131  21:31  Stalker x3  
  131  21:32  Pylon, Zealot  
  139  21:33  Zealot  
  139  21:34  Pylon  
  135  21:54  Pylon  
  129  21:56  Pylon  
  129  21:57  Gateway  
  129  22:00  Gateway, Pylon  
  129  22:01  Pylon  
  127  22:02  Probe, Gateway  
  127  22:05  Gateway  
  128  22:08  Robotics Bay  
  128  22:11  Robotics Facility  
  128  22:14  Cybernetics Core, Probe  
  129  22:26  Pylon  
  129  22:27  Pylon  
  129  22:28  Zealot x3  
  134  22:30  Pylon  
  134  22:32  Pylon  
  128  22:43  Pylon  
  128  22:48  Photon Cannon  
  128  22:50  Photon Cannon  
  120  22:52  Photon Cannon  
  120  22:55  Photon Cannon  
  120  23:04  Photon Cannon  
  120  23:07  Photon Cannon  
  118  23:15  Photon Cannon  
  116  23:27  Probe  
  116  23:39  Probe  
  117  23:50  Adept x2  
  117  23:51  Probe, Adept x2  
  126  24:03  Probe  
  117  24:20  Observer  
  118  24:25  Observer  
  118  24:26  Stalker x4  
  127  24:32  Probe x2  
  122  25:06  Pylon  
  122  25:16  Probe  
  122  25:17  Probe  
  122  25:19  Assimilator  
  124  25:27  Photon Cannon  
  124  25:35  Stalker  
  124  25:36  Stalker x2  
  124  25:37  Stalker  
  124  25:42  Nexus  
  84  26:09  Stalker  
  61  26:16  Stalker x3  
Tags
 
Add a new tag
Caveats
  • Supply blocks, unpowered buildings, or Contaminate may cause inaccurate times.
  • Supply counts are checked every 10 seconds.